 Dungeon Crawl Stone Soup version 0.24.0-123-gd5b16e6ec5 (webtiles) character file.

Game seed: 4282367856444889050, levelgen mode: deterministic

45883 MisterOstroum the Grappler (level 14, -8/143 HPs)
             Began as a Troll Earth Elementalist on Jan 11, 2020.
             Was a High Priest of Cheibriados.
             Mangled by a hell hog (10 damage)
             ... in a Gauntlet.
             The game lasted 00:46:20 (18033 turns).

MisterOstroum the Grappler (TrEE)                  Turns: 18033, Time: 00:46:21

Health: -8/143     AC: 16    Str: 36    XL:     14   Next: 2%
Magic:  18/18      EV: 11    Int: 31    God:    Cheibriados [*****.]
Gold:   1554       SH: 12    Dex: 21    Spells: 8/15 levels left

rFire    . . .     SeeInvis +     - Unarmed
rCold    + + +     Gourm    +   H - +2 shield of Resistance {rF+ rC+ MR+}
rNeg     . . .     Faith    .   c - +0 ice dragon scales
rPois    +         Spirit   .   (helmet restricted)
rElec    +         Reflect  .   k - +1 cloak {MR+}
rCorr    .         Harm     .   (gloves unavailable)
MR       +++..     Clarity  +   (boots unavailable) Stlth ..........NoTele +
                                N - amulet "Caeshopt" {+Rage rPois Str+2 Dex-5 SInv}
HPRegen  0.73/turn              Q - +6 ring of intelligence
MPRegen  0.16/turn              T - +3 ring of dexterity

@: very slow
A: large, unfitting armour, claws 3, hooves 1, clarity, clever 1, fast
metabolism 3, gourmand, regeneration 1, shaggy fur 1, electricity resistance,
tough skin 3
a: Bend Time, Temporal Distortion, Slouch, Step From Time, Renounce Religion,
Evoke Berserk Rage


You were in a Gauntlet.
You worshipped Cheibriados.
Cheibriados was extremely pleased with you.
You were very full.

You visited 4 branches of the dungeon, and saw 23 of its levels.
You also visited: Gauntlet and Ice Cave.

You collected 1554 gold pieces.

Inventory:

Missiles
 f - 4 boomerangs
 J - 8 javelins (quivered)
 O - 6 silver javelins
Armour
 c - +0 ice dragon scales (worn)
 k - a +1 cloak of magic resistance (worn)
 H - the +2 shield of Resistance (worn) {rF+ rC+ MR+}
   (You found it on level 1 of the Orcish Mines)

   It protects you from fire.
   It protects you from cold.
   It affects your resistance to hostile enchantments.
Jewellery
 F - an uncursed ring of positive energy
 N - the amulet "Caeshopt" (around neck) {+Rage rPois Str+2 Dex-5 SInv}
   (You found it on level 9 of the Dungeon)

   [amulet of rage]

   It affects your strength (+2).
   It affects your dexterity (-5).
   It protects you from poison.
   It lets you see invisible.
   It lets you go berserk.
 Q - a +6 ring of intelligence (left claw)
 T - a +3 ring of dexterity (right claw)
Wands
 r - a wand of clouds (5)
 w - a wand of paralysis (1)
 A - a wand of flame (39)
 P - a wand of acid (8)
 R - a wand of iceblast (4)
 V - a wand of enslavement (7)
Scrolls
 d - 2 scrolls of immolation
 j - 5 scrolls of fog {!r}
 o - 8 scrolls of remove curse {@r2}
 p - 2 scrolls of blinking
 E - 2 scrolls of fear
 X - 2 scrolls of summoning
Potions
 h - 6 potions of curing {@q1 !q}
 i - 2 potions of resistance
 m - a potion of invisibility
 s - 2 potions of lignification {@q6}
 t - 2 potions of heal wounds {@q2 !q}
 z - 3 potions of brilliance
 B - a potion of cancellation
 C - 3 potions of ambrosia
 G - 2 potions of mutation
 L - 2 potions of might
 Z - 2 potions of agility
Miscellaneous
 q - a lightning rod (4/4)
Comestibles
 e - 29 rations


   Skills:
 + Level 10.2 Fighting
 * Level 9.0 Throwing
 + Level 2.4 Armour
 - Level 8.0 Dodging
 - Level 1.0 Stealth
 * Level 0.6 Shields
 + Level 11.2 Unarmed Combat
 - Level 1.3 Spellcasting
 - Level 0.7 Transmutations
 - Level 0.1 Ice Magic
 - Level 4.7 Earth Magic
 * Level 6.8 Invocations
 - Level 6.7 Evocations


You had 8 spell levels left.
You knew the following spells:

 Your Spells              Type           Power        Failure   Level  Hunger
a - Sandblast             Erth           ####..       14%         1    #......
b - Passwall              Tmut/Erth      ###.....     45%         2    ##.....
c - Ice Form              Ice/Tmut       #.......     100%        4    #####..

Your spell library contained the following spells:

 Spells                   Type           Power        Failure   Level  Hunger
 Magic Dart               Conj           #...         71%         1    #......
 Shock                    Conj/Air       #...         71%         1    #......
 Stone Arrow              Conj/Erth      ###...       75%         3    ###....
 Blink                    Tloc           N/A          85%         2    ##.....
 Call Imp                 Summ           #.......     85%         2    ##.....
 Searing Ray              Conj           #.....       85%         2    ##.....
 Slow                     Hex            #.......     85%         2    ##.....
 Swiftness                Chrm/Air       #.......     85%         2    ##.....
 Conjure Flame            Conj/Fire      #.......     97%         3    ###....
 Dazzling Spray           Conj/Hex       #.....       97%         3    ###....
 Mephitic Cloud           Conj/Pois/Air  #.......     97%         3    ###....
 Recall                   Summ/Tloc      N/A          97%         3    ###....
 Static Discharge         Conj/Air       #.......     97%         3    ###....
 Petrify                  Tmut/Erth      ###.....     97%         4    #####..
 Lee's Rapid Deconstruct  Erth           ####......   99%         5    ######.
 Airstrike                Air            #.........   100%        4    #####..
 Force Lance              Conj/Tloc      #.......     100%        4    #####..
 Fulminant Prism          Conj/Hex       #.........   100%        4    #####..
 Iskenderun's Mystic Bla  Conj           #.......     100%        4    #####..
 Aura of Abjuration       Summ           #.........   100%        5    ######.
 Lightning Bolt           Conj/Air       #.........   100%        5    ######.
 Metabolic Englaciation   Hex/Ice        #.........   100%        5    ######.
 Summon Demon             Summ           #.........   100%        5    ######.
 Summon Forest            Summ/Tloc      #.........   100%        5    ######.
 Summon Mana Viper        Hex/Summ       #.......     100%        5    ######.
 Bolt of Cold             Conj/Ice       #.........   100%        6    #######
 Freezing Cloud           Conj/Ice/Air   #.........   100%        6    #######
 Ozocubu's Refrigeration  Ice            #.........   100%        6    #######
 Shadow Creatures         Summ           N/A          100%        6    #######
 Simulacrum               Ice/Necr       #.........   100%        6    #######


Dungeon Overview and Level Annotations

Branches:
Dungeon (14/15)            Temple (1/1) D:6            Lair (6/6) D:10
  Swamp (0/4) Lair:3        Snake (0/4) Lair:2        Slime (0/5) Lair:5
    Orc (2/2) D:12            Elf (0/3) Orc:2         IceCv (visited)
Gauntlet (1/1)
 Vaults: D:13-14

Altars:
Ashenzari
Cheibriados
Dithmenos
Elyvilon
Fedhas
Gozag
Hepliaklqana
Kikubaaqudgha
Makhleb
Nemelex Xobeh
Okawaru
Qazlal
Ru
Sif Muna
Trog
Uskayaw
Vehumet
Wu Jian
Xom
Yredelemnul
Zin
The Shining One
Beogh
Jiyva

Shops:
D:8 *

Annotations:
D:8 exclusion: hydra
D:10 1 runed translucent door, exclusions: door and player ghost, Erolcha; Harold; soupsoups's ghost, journeyman TrHu
Lair:2 Fannar
Lair:6 not cleared
Orc:2 3 runed translucent doors, hitsuchi's ghost, journeyman DDFi Gauntlet 11 transporters, 21 runed translucent doors


Innate Abilities, Weirdness & Mutations

You are too large for most types of armour.
You have claws for hands.
Your metabolism is lightning-fast.
You like to eat raw meat.
Your natural rate of healing is unusually fast.
You are covered in fur. (AC +1)
You have extremely tough skin. (AC +3)
You have large cloven feet.
You possess an exceptional clarity of mind.
Your mind is acute. (Int +2)
You are resistant to electric shocks. (rElec)


Message History

The hell hound breathes flames at you.
The blast of flame hits the fire bat.
The fire bat completely resists.
The blast of flame hits you!!
The hell hound fails to trigger a net trap.
The fire bat bites you but does no damage.
You see here a throwing net {!f}.
You struggle against the net.
The fire bat bites you but does no damage.
The hell hog enters a dispersal trap!
The fire bat blinks!
You blink.
The hell hog blinks!
The fire bat fails to trigger a net trap.
The hell hound enters a dispersal trap!
The fire bat blinks! x2
The hell hog blinks!
The hell hog fails to trigger a net trap.
The fire bat blinks!
You blink.
The hell hound blinks!
The fire bat enters a dispersal trap!
The hell hog blinks!
The hell hound blinks! x2; The fire bat blinks!
You blink.
The fire bat blinks!
The fire bat fails to trigger a net trap.
You block the fire bat's attack.
The fire bat bites you but does no damage.
The fire bat bites you.
You are engulfed in flames.
The hell hound enters a dispersal trap!
The fire bat blinks!
The fire bat enters a dispersal trap!
The hell hound blinks!
The hell hound enters a dispersal trap!
The hell hog blinks!
The fire bat blinks! x2; You blink.
The hell hound blinks! x2
The fire bat enters a dispersal trap!
The hell hound blinks!
The hell hog blinks!
The hell hound blinks!
You blink.
The fire bat blinks!
You blink.
The hell hound blinks!
The hell hound enters a dispersal trap!
The hell hog blinks!
The hell hound blinks!
You blink. x2
The hell hog breathes fire at you.
The fireball explodes!
The fireball engulfs you!
The fire bat enters a dispersal trap!
The fire bat blinks!
The fire bat fails to trigger a net trap.
The fire bat blinks! x2
The hell hound breathes flames at you.
The blast of flame hits you but does no damage.
The fire bat enters a dispersal trap!
The fire bat blinks!
The hell hog blinks! x2
The hell hound blinks!
You blink.
The fire bat blinks!
The fire bat fails to trigger a net trap.
The hell hog enters a dispersal trap!
The fire bat blinks! x2
The hell hound blinks!
You blink.
The hell hog blinks!
You block the fire bat's attack. The fire bat bites you.
You are engulfed in flames!
You block the fire bat's attack.
Really read
j - 6 scrolls of fog {!r}?
As you read the scroll of fog {!r}, it crumbles to dust.
The scroll dissolves into smoke.
You block the fire bat's attack. The fire bat misses you.
You completely miss the fire bat. You kick the fire bat.
The fire bat is lightly wounded.
You block the fire bat's attack. x2
The fire bat fails to trigger a net trap.
Throwing (i - inventory. (/) - cycle)
J - 9 javelins (quivered)
Press: ? - help, Shift-Dir - straight line, f - hell hog
Aim: a hell hog You throw a javelin.
The javelin closely misses the hell hound.
The javelin barely misses the hell hog.
The fire bat fails to trigger a net trap.
You block the fire bat's attack.
The hell hound stops to sniff the ground.
The hell hound breathes flames at you. The blast of flame hits you!
The hell hound closely misses you. The fire bat closely misses you.
The hell hound barely misses you.
You completely miss the hell hound. Your kick misses the hell hound.
The fire bat closely misses you. You block the fire bat's attack.
The hell hound closely misses you.
The hell hound bites you but does no damage.
The fire bat fails to trigger a net trap.
Your shield and ice dragon scales prevent you from hitting the hell hound.
You kick the hell hound, but do no damage.
You block the hell hound's attack. The hell hound bites you.
You block the fire bat's attack. x2
You scratch the hell hog. You kick the hell hog.
The hell hog is lightly wounded.
You block the fire bat's attack. The fire bat barely misses you.
The hell hound breathes flames at you. The blast of flame hits you!
Okay, then.
You fail to use your ability.
The fire bat bites you but does no damage.
The hell hound bites you but does no damage.
The hell hog bites you. You block the hell hound's attack.
The fire bat bites you but does no damage.
The fire bat fails to trigger a net trap.
You fail to use your ability.
The fire bat barely misses you. The hell hog breathes fire at you.
The fireball explodes!
The fireball engulfs you!!
* * * LOW HITPOINT WARNING * * *
The fireball engulfs the hell hog!
The hell hog resists.
The fireball engulfs the hell hound.
The hell hound completely resists.
The hell hound breathes flames at you. The blast of flame hits you.
* * * LOW HITPOINT WARNING * * *
The hell hound breathes flames at you.
The blast of flame hits the hell hog.
The hell hog resists.
The blast of flame hits you!
* * * LOW HITPOINT WARNING * * *
You block the fire bat's attack. The hell hog bites you!
You die...

#..#§≈..h≈≈^.#...#.....
###..#.≈.^≈..≈^#.∩.#...##
#8#..#.≈§.≈§.≈^#...#....#
###..#.^§^..≈^≈#...#.#..#
#..#≈≈.§©§..≈#...#.####
###..#§≈^§≈≈.§h#...#.#..#
#8#..#§§§§§§§§^#...#....#
###..#§bh§§§§§.#...#...#.
#..#§§@hh§≈.?#...#..gx©
###..###########...######
#8#.....#.©.#..§.≈.......
###...8.#...#.§.≈8≈......
#.....#.©.#..§.≈.......
###..###########...######
#8#..#..t......#...#.....
###..#.#...###.#...#.#...
#..#...###...#...#..###


You could see a hell hog, a ghost crab, 2 hell hounds and a fire bat.

Vanquished Creatures
  A storm dragon (D:12)
  The ghost of Curus the Basher, a journeyman MiFi of Makhleb (Orc:1)
  Nessos (Orc:2)
  Josephine (Orc:1)
  4 hydras
  An ice dragon (D:12)
  3 two-headed ogres (D:12)
  A tengu warrior (D:12)
  Urug (D:11)
  A deep elf mage (D:12)
  Pikel (D:9)
  4 ugly things
  3 cyclopes
  3 ice statues (IceCv)
  A black mamba (Lair:4)
  A centaur zombie (D:11)
  6 elephants (Lair:4)
  A torpor snail (Lair:4)
  9 spiny frogs
  A rime drake (shapeshifter) (D:12)
  2 gargoyles
  3 kobold demonologists
  3 komodo dragons
  4 trolls
  4 blink frogs (Lair:5)
  5 hippogriffs
  Prince Ribbit (D:9)
  2 slime creatures
  5 dream sheep
  A bog body (Lair:3)
  2 shadows (D:12)
  6 wraiths
  34 yaks
  3 basilisks
  A wyvern (D:8)
  Menkaure (D:5)
  2 hungry ghosts
  A vampire mosquito (D:12)
  A warg (D:12)
  3 nagas (Lair:2)
  10 water moccasins
  11 porcupines
  7 ice beasts
  3 sky beasts
  2 black bears (D:12)
  2 phantoms
  12 orc warriors
  A necrophage (D:6)
  4 wolves (Lair:3)
  5 centaurs
  7 crocodiles
  9 ogres
  Blork the orc (D:5)
  5 big kobolds
  19 bullfrogs
  2 scorpions
  7 killer bees
  6 wights
  A howler monkey (D:7)
  5 crimson imps
  A bullfrog zombie (D:6)
  14 orc priests
  4 hounds
  A bullfrog skeleton (D:12)
  A centaur skeleton (D:12)
  3 iguanas
  12 orc wizards
  7 worker ants
  A killer bee zombie (D:5)
  2 hound skeletons
  7 adders
  5 shadow imps
  An adder zombie (D:5)
  5 worms
  2 dart slugs (D:2)
  4 leopard geckos
  45 orcs
  3 bats
  4 giant cockroaches
  6 goblins
  5 hobgoblins
  7 jackals
  9 kobolds
  2 quokkas
  A ball python (D:3)
  3 frilled lizards
  A jackal skeleton (D:4)
  A quokka zombie (D:6)
  7 rats
412 creatures vanquished.

Vanquished Creatures (collateral kills)
  An ogre (D:6)
  A worker ant zombie (D:6)
  A jackal (D:6)
3 creatures vanquished.

Vanquished Creatures (others)
  A sphinx (D:12)
  3 slaves (D:9)
  A hound (D:7)
  2 orcs
  6 fungi
  2 plants (Lair:4)
15 creatures vanquished.

Grand Total: 430 creatures vanquished

Notes
Turn   | Place    | Note
-------+----------+-------------------------------------------
     0 | D:1      | MisterOstroum the Troll Earth Elementalist began the quest
                  | for the Orb.
     0 | D:1      | Reached XP level 1. HP: 16/16 MP: 1/1
   116 | D:1      | Reached skill level 1 in Unarmed Combat
   203 | D:1      | Reached XP level 2. HP: 26/26 MP: 2/2
   696 | D:2      | Reached XP level 3. HP: 21/32 MP: 3/3
   905 | D:2      | Reached skill level 1 in Fighting
   905 | D:2      | Reached skill level 2 in Unarmed Combat
  1652 | D:3      | Reached XP level 4. HP: 41/41 MP: 4/4
  1843 | D:3      | Reached skill level 3 in Unarmed Combat
  1912 | D:3      | Reached XP level 5. HP: 33/49 MP: 5/5
  2542 | D:3      | Learned a level 2 spell: Passwall
  2546 | D:3      | Learned a level 3 spell: Stone Arrow
  2770 | D:4      | Noticed an ogre
  2778 | D:4      | Killed an ogre
  3003 | D:4      | Reached skill level 4 in Unarmed Combat
  3003 | D:4      | Reached XP level 6. HP: 53/57 MP: 6/6
  3303 | D:5      | Entered Level 5 of the Dungeon
  3567 | D:5      | Noticed Menkaure
  3584 | D:5      | Killed Menkaure
  3584 | D:5      | Reached XP level 7. HP: 47/66 MP: 5/7
  3665 | D:5      | Noticed Blork the orc
  3673 | D:5      | Killed Blork the orc
  3673 | D:5      | Reached skill level 5 in Unarmed Combat
  3894 | D:5      | Found a sparkling altar of Nemelex Xobeh.
  4141 | D:6      | Found a staircase to the Ecumenical Temple.
  4147 | D:6      | Reached skill level 6 in Unarmed Combat
  4147 | D:6      | Reached XP level 8. HP: 57/75 MP: 8/8
  4278 | Temple   | Entered the Ecumenical Temple
  4405 | Temple   | Became a worshipper of Xom of Chaos
  4408 | Temple   | XOM: silly message
  4479 | D:6      | XOM: fog
  4711 | D:6      | XOM: god gift: 2 javelins
  4771 | D:6      | Reached skill level 7 in Unarmed Combat
  4909 | D:6      | XOM: enchant monster (good)
  4912 | D:6      | XOM: summons friendly quasit
  5130 | D:7      | XOM: destruction
  5131 | D:7      | Reached skill level 5 in Fighting
  5135 | D:7      | XOM: divination: magic mapping
  5137 | D:7      | Reached XP level 9. HP: 75/88 MP: 9/9
  5196 | D:7      | XOM: potion effect (haste)
  5209 | D:7      | XOM: harmless Tloc miscast
  5363 | D:7      | XOM: polymorph worker ant -> howler monkey
  5372 | D:7      | Found an opulent altar of Gozag.
  5372 | D:7      | XOM: 5-stop teleportation journey
  5643 | D:8      | Reached skill level 1 in Evocations
  5685 | D:8      | Found Laco's Elemental Accessories.
  5963 | D:8      | Reached skill level 8 in Unarmed Combat
  6014 | D:8      | Reached skill level 5 in Dodging
  6027 | D:8      | XOM: 1-stop teleportation journey
  6176 | D:8      | XOM: enchant monster (bad)
  6241 | D:8      | Noticed a two-headed hydra
  6278 | D:8      | Found the +5 robe of Night {Dark MR+ SInv}
  6369 | D:8      | Found a snail-covered altar of Cheibriados.
  6408 | D:8      | Fell from the grace of Xom
  6408 | D:8      | Became a worshipper of Cheibriados the Contemplative
  6467 | D:9      | XOM: summons 2 hostile demons
  6550 | D:9      | XOM: confusion
  6613 | D:9      | Noticed Pikel
  6619 | D:9      | Noticed a troll
  6631 | D:9      | Paralysed by Pikel for 6 turns
  6639 | D:9      | Killed Pikel
  6639 | D:9      | Reached skill level 9 in Unarmed Combat
  6639 | D:9      | Reached XP level 10. HP: 72/100 MP: 10/10
  6642 | D:9      | XOM: mild Erth miscast
  6807 | D:9      | Noticed Prince Ribbit
  6815 | D:9      | Killed Prince Ribbit
  7136 | D:9      | XOM: divination: detect items
  7174 | D:9      | XOM: give mutations
  7174 | D:9      | Gained mutation: You are weak. (Str -2) [Xom's mischief]
  7174 | D:9      | Gained mutation: Armour fits poorly on your strangely
                  | shaped body. [Xom's mischief]
  7174 | D:9      | Gained mutation: You possess an exceptional clarity of
                  | mind. [Xom's mischief]
  7174 | D:9      | Gained mutation: Scrolls take you a little longer to read.
                  | [Xom's mischief]
  7175 | D:9      | Got a warped zirconium amulet
  7517 | D:10     | Entered Level 10 of the Dungeon
  7558 | D:10     | XOM: chaos cloud
  7563 | D:10     | Paralysed by you for 3 turns
  7836 | D:10     | Noticed Erolcha
  7904 | D:10     | Reached * piety under Cheibriados
  8223 | D:10     | Noticed Harold
  8227 | D:10     | Identified the amulet "Caeshopt" {+Rage rPois Str+2 Dex-5
                  | SInv} (You found it on level 9 of the Dungeon)
  8293 | D:10     | Found a runed translucent door.
  8293 | D:10     | Noticed soupsoups's ghost (journeyman TrHu)
  8790 | D:11     | Reached skill level 10 in Unarmed Combat
  9061 | D:11     | Found a glowing golden altar of the Shining One.
  9255 | D:11     | Reached XP level 11. HP: 105/111 MP: 12/12
  9272 | D:11     | Noticed Urug
  9281 | D:11     | Killed Urug
  9281 | D:11     | Reached skill level 1 in Throwing
  9642 | D:12     | XOM: 1-stop teleportation journey
  9647 | D:12     | Found a staircase to the Orcish Mines.
  9656 | D:12     | XOM: chaos upgrade
  9666 | D:12     | XOM: mild Necr miscast
  9790 | D:11     | Reached ** piety under Cheibriados
  9957 | D:12     | Noticed a brown ugly thing
  9998 | D:10     | Found a staircase to the Lair.
 10006 | Lair:1   | Entered Level 1 of the Lair of Beasts
 10089 | Lair:1   | XOM: mild Conj miscast
 10333 | Lair:1   | XOM: 2-stop teleportation journey
 10575 | Lair:1   | XOM: mild Ice miscast
 11330 | Lair:2   | XOM: scenery: create altars
 11503 | Lair:1   | Reached *** piety under Cheibriados
 11659 | Lair:2   | Noticed a seven-headed hydra
 11664 | Lair:2   | Killed a seven-headed hydra
 11706 | Lair:2   | Found a staircase to the Snake Pit.
 11713 | Lair:2   | XOM: medium Conj miscast
 11831 | Lair:2   | Noticed Fannar
 12094 | Lair:3   | Noticed a five-headed hydra
 12099 | Lair:3   | Killed a five-headed hydra
 12099 | Lair:3   | Reached XP level 12. HP: 123/123 MP: 14/14
 12310 | Lair:3   | Noticed a six-headed hydra
 12315 | Lair:3   | Killed a six-headed hydra
 12315 | Lair:3   | Reached skill level 11 in Unarmed Combat
 12484 | Lair:3   | XOM: noise
 12630 | Lair:3   | Found a staircase to the Swamp.
 12634 | Lair:3   | Reached skill level 5 in Evocations
 13104 | Lair:4   | Reached **** piety under Cheibriados
 13200 | Lair:4   | Reached skill level 5 in Throwing
 13290 | Lair:3   | XOM: silly message
 13350 | Lair:4   | Reached skill level 1 in Invocations
 13551 | Lair:4   | XOM: harmless Conj miscast
 13651 | Lair:4   | XOM: harmless Conj miscast
 14475 | Lair:5   | XOM: noise
 14495 | Lair:5   | XOM: scenery: create altars
 14518 | Lair:5   | Found a viscous altar of Jiyva.
 14519 | Lair:5   | Found a staircase to the Slime Pits.
 14824 | Lair:5   | You fall into a shaft and drop 1 floor!
 14824 | Lair:6   | Entered Level 6 of the Lair of Beasts
 15195 | D:12     | XOM: noise
 15195 | D:12     | Was forgiven by Xom
 15196 | D:12     | Reached XP level 13. HP: 121/133 MP: 16/16
 15341 | D:12     | Reached ***** piety under Cheibriados
 15583 | D:12     | Noticed a storm dragon
 15583 | D:12     | Noticed a sphinx
 15597 | D:12     | Killed a sphinx
 15597 | D:12     | Reached skill level 10 in Fighting
 15602 | D:12     | Killed a storm dragon
 15621 | D:12     | Reached skill level 5 in Invocations
 15689 | D:11     | Lost mutation: Armour fits poorly on your strangely shaped
                  | body. [potion of mutation]
 15689 | D:11     | Lost mutation: You are weak. (Str -2) [potion of mutation]
 15689 | D:11     | Lost mutation: Scrolls take you a little longer to read.
                  | [potion of mutation]
 15689 | D:11     | Gained mutation: You have large cloven feet. [potion of
                  | mutation]
 15689 | D:11     | Gained mutation: Your mind is acute. (Int +2) [potion of
                  | mutation]
 15689 | D:11     | Gained mutation: You are resistant to electric shocks.
                  | (rElec) [potion of mutation]
 15895 | D:12     | Reached skill level 1 in Armour
 16031 | D:12     | You fall into a shaft and drop 2 floors!
 16862 | Orc:1    | Entered Level 1 of the Orcish Mines
 16862 | Orc:1    | Found a roughly hewn altar of Beogh.
 16862 | Orc:1    | Noticed Josephine
 16870 | Orc:1    | Killed Josephine
 16884 | Orc:1    | Found a frozen archway.
 16927 | IceCv    | Entered an ice cave
 17386 | Orc:1    | Found a runed translucent gate.
 17386 | Orc:1    | Found a runed translucent gate.
 17386 | Orc:1    | Found a runed translucent gate.
 17386 | Orc:1    | Noticed Curus's ghost (journeyman MiFi)
 17387 | Orc:1    | Found the +2 shield of Resistance {rF+ rC+ MR+}
 17533 | Orc:1    | Learned a level 4 spell: Ice Form
 17544 | Orc:1    | Identified 3 scrolls of acquirement
 17602 | Orc:1    | Killed Curus's ghost
 17738 | Orc:2    | Entered Level 2 of the Orcish Mines
 17740 | Orc:2    | Found a runed translucent gate.
 17740 | Orc:2    | Found a runed translucent gate.
 17741 | Orc:2    | Found an opulent altar of Gozag.
 17741 | Orc:2    | Found a runed translucent gate.
 17744 | Orc:2    | Noticed hitsuchi's ghost (journeyman DDFi)
 17745 | Orc:2    | Noticed Nessos
 17754 | Orc:2    | Killed Nessos
 17754 | Orc:2    | Reached XP level 14. HP: 83/143 MP: 13/18
 17766 | Orc:2    | Found a gate leading to a gauntlet.
 17790 | Gauntlet | Entered a Gauntlet
 17790 | Gauntlet | Found a transporter.
 17790 | Gauntlet | Found a transporter.
 17790 | Gauntlet | Found a transporter.
 17790 | Gauntlet | Found a transporter.
 17860 | Gauntlet | Found a transporter.
 17862 | Gauntlet | Found a large runed translucent door.
 17863 | Gauntlet | Found a large runed translucent door.
 17864 | Gauntlet | Found a large runed translucent door.
 17864 | Gauntlet | Found a large runed translucent door.
 17864 | Gauntlet | Found a runed translucent door.
 17864 | Gauntlet | Found a runed translucent door.
 17865 | Gauntlet | Found a large runed translucent door.
 17866 | Gauntlet | Found a large runed translucent door.
 17867 | Gauntlet | Found a large runed translucent door.
 17867 | Gauntlet | Found a large runed translucent door.
 17868 | Gauntlet | Found a runed translucent gate.
 17868 | Gauntlet | Found a runed translucent gate.
 17868 | Gauntlet | Found a runed translucent gate.
 17870 | Gauntlet | Found a transporter.
 17879 | Gauntlet | Found a large runed translucent door.
 17879 | Gauntlet | Found a large runed translucent door.
 17880 | Gauntlet | Found a large runed translucent door.
 17881 | Gauntlet | Found a large runed translucent door.
 17885 | Gauntlet | Found a transporter.
 17895 | Gauntlet | Found a transporter.
 17910 | Gauntlet | Found a transporter.
 17916 | Gauntlet | Found a transporter.
 17930 | Gauntlet | Found a transporter.
 17936 | Gauntlet | Found a transporter.
 17950 | Gauntlet | Found a large runed translucent door.
 17951 | Gauntlet | Found a large runed translucent door.
 17952 | Gauntlet | Found a large runed translucent door.
 17952 | Gauntlet | Found a large runed translucent door.
 18033 | Gauntlet | HP: 2/143 [hell hound/blast of flame (17)]
 18033 | Gauntlet | Mangled by a hell hog

Levels and vault maps discovered:
D:1:      dpeg_arrival_erosion, layout_basic
D:2:      layout_basic, first_ration
D:3:      layout_basic, minivault_14, minmay_misc_feat_five
D:4:      layout_loops_cross
D:5:      layout_rooms, nemelex_altar_shiori, uniq_blork_the_orc, uniq_menkaure
D:6:      layout_rooms, minmay_temple_entry_statues_pillars
D:7:      layout_rooms, grunt_gozag_statues
D:8:      layout_loops_ring, kennysheep_little_box, hangedman_ranch
          [blue_anna_fruit_fields], nicolae_elemental_shop,
          introduction_to_nature_2
D:9:      layout_grid_maze, uniq_prince_ribbit1, uniq_pikel
D:10:     layout_grid_maze, grunt_lair_entry_orc_guard_hut,
          gammafunk_ghost_grave, uniq_harold, uniq_erolcha
D:11:     layout_roguey, tso_metal_star, uniq_urug
D:12:     evilmike_diamond_1, layout_basic, erik_orc_3, minmay_liquid_box,
          kennysheep_opposing_triangles
D:13:     layout_irregular_city, david_vaults_4, minmay_beelzebubs_servants,
          uniq_sonja
D:14:     layout_roguey, chequers_decorated_corner, uniq_kirke
Temple:   regret_index_temple_chain_breaker
Lair:1:   layout_long_grid, grunt_megastairs_1
Lair:2:   layout_big_grid, guppyfry_snake_entry_island, uniq_fannar
Lair:3:   layout_chaotic_city, skrybe_swamp_entry_bodies,
          nicolae_lair_grove_arrangements, chequers_serial_rivers_small_b,
          serial_bayou_pond_c
Lair:4:   layout_loops_ring
Lair:5:   layout_regular_city, slime_altar_1, small_statue_intersection,
          chequers_serial_rivers_large_b, lemuel_fruit_tree, grunt_megastairs_5
Lair:6:   cheibrodos_lair_end_hotspot, layout_hall_layers
Orc:1:    layout_caves, ebering_ghost_rock_garden,
          portal_ice_cave_entry_pillars_1, basic_altar,
          statue_in_the_mist_lemuel, uniq_josephine
Orc:2:    st_orc_pillars, layout_caves, gauntlet_entry_generic,
          ebering_ghost_gozag, uniq_nessos
Gauntlet: gammafunk_gauntlet_shortcut [nicolae_gauntlet_arena_flowing_pool,
          nicolae_gauntlet_arena_grate_2, nicolae_gauntlet_arena_t_cross,
          minmay_gauntlet_arena_make_your_own_arena,
          gammafunk_gauntlet_arena_open, nicolae_gauntlet_arena_blocks,
          gauntlet_exit_hidden_loot]

Skill      XL: |  1  2  3  4  5  6  7  8  9 10 11 12 13 |
---------------+----------------------------------------+-----
Unarmed Combat | 1 2 3 4 6 7 9 10 11 | 11.2
Dodging        | 2 3 4 5 6 7 8 |  8.0
Fighting       | 1 2 3 5 6 7 9 10 | 10.2
Earth Magic    | 3 4 |  4.7
Evocations     | 2 3 4 5 6 |  6.7
Throwing       | 3 6 9 |  9.0
Invocations    | 3 6 |  6.8
Armour         | 2 |  2.4
Stealth        | |  1.0
Shields        | |  0.6
Spellcasting   | |  1.3
Transmutations | |  0.7
Ice Magic      | |  0.1

Action                   |  1- 3 |  4- 6 |  7- 9 | 10-12 | 13-15 || total
-------------------------+-------+-------+-------+-------+-------++-------
Melee: Unarmed           |   104 |   157 |   279 |   611 |   288 ||  1439
       Punch             |       |     1 |     9 |    45 |    19 ||    74
       Kick              |       |       |       |       |    93 ||    93
Throw: Stone             |       |     1 |    13 |     9 |     8 ||    31
       Javelin           |       |       |       |    28 |    37 ||    65
 Cast: Sandblast         |       |     1 |    20 |       |       ||    21
       Stone Arrow       |       |       |     2 |       |       ||     2
       Ice Form          |       |       |       |       |     1 ||     1
Invok: Bend Time         |       |       |       |     4 |     1 ||     5
       Slouch            |       |       |       |       |     2 ||     2
       Temporal Distorti |       |       |       |       |     1 ||     1
 Abil: End Transformatio |       |       |       |       |     1 ||     1
Evoke: Wand              |       |       |     5 |    10 |     7 ||    22
  Use: Scroll            |       |       |    10 |    13 |    12 ||    35
       Potion            |       |       |       |     2 |     3 ||     5
 Stab: Sleeping          |     2 |       |       |     3 |       ||     5
       Petrified         |       |       |     7 |       |       ||     7
       Paralysed         |       |       |     1 |       |     3 ||     4
       Distracted        |       |       |     1 |       |       ||     1
       Invisible         |       |       |       |     1 |     6 ||     7
  Eat: Chunk             |    21 |    17 |    34 |    58 |    16 ||   146
       Ration            |       |       |     1 |     1 |     1 ||     3
Armor: Robe              |    38 |    58 |    73 |   234 |    28 ||   431
       Ice dragon scales |       |       |       |       |    79 ||    79
Dodge: Dodged            |    58 |    88 |   131 |   479 |   235 ||   991
Block: Shield            |       |       |       |       |    23 ||    23
